 Dungeon Crawl Stone Soup version 0.28-a0-1128-gb845255321 (webtiles) character file.

Game seed: 15316772457190434990

429 Gargoyl the Skirmisher (level 6, -8/48 (53) HPs)
             Began as a Gnoll Abyssal Knight on Dec 12, 2021.
             Was a Believer of Lugonu.
             Mangled by a wight (15 damage)
             ... on level 4 of the Dungeon.
             The game lasted 00:04:00 (3687 turns).

Gargoyl the Skirmisher (Gnoll Abyssal Knight)       Turns: 3687, Time: 00:04:00

HP:   -8/48 (53)    AC:  9    Str: 20    XL:     6   Next: 98%
MP:   9/9           EV: 11    Int: 10    God:    Lugonu [**....]
Gold: 208           SH:  0    Dex: 18    Spells: 9/9 levels left

rFire   . . .      SeeInvis .   a - +2 hand axe
rCold   . . .      Faith    .   (no shield)
rNeg    . . .      Spirit   .   l - +0 scale mail
rPois   .          Reflect  .   (no helmet)
rElec   .          Harm     .   h - +1 cloak
rCorr   .          Rampage  .   (no gloves)
Will    .....                   (no boots)
Stlth   +.........              (no amulet)
HPRegen 0.16/turn               d - +6 ring of dexterity
MPRegen 0.11/turn               e - +6 ring of strength

@: flying, drained
A: fangs 1, strong nose, distributed training
a: Renounce Religion, Depart the Abyss, Bend Space


You were on level 4 of the Dungeon.
You worshipped Lugonu.
Lugonu was pleased with you.
You visited 1 branch of the dungeon, and saw 4 of its levels.
You visited the Abyss 1 time.

You collected 208 gold pieces.

Inventory:

Hand Weapons
 a - a +2 hand axe (weapon)
 k - a +2 whip of draining
Missiles
 b - 17 poisoned darts (quivered)
Armour
 h - a +1 cloak (worn)
 l - a +0 scale mail (worn)
Jewellery
 d - a +6 ring of dexterity (left hand)
 e - a +6 ring of strength (right hand)
Scrolls
 g - a scroll of torment {unknown}
 i - a scroll of blinking
 j - a scroll of teleportation
Potions
 c - 2 potions of haste
 f - a potion of curing


   Skills:
 + Level 6.9 Fighting
 + Level 2.2 Short Blades
 + Level 2.2 Long Blades
 + Level 5.1 Axes
 + Level 2.2 Maces & Flails
 + Level 2.2 Polearms
 + Level 2.2 Staves
 + Level 2.2 Slings
 + Level 2.2 Bows
 + Level 2.2 Crossbows
 + Level 2.2 Throwing
 + Level 5.1 Armour
 + Level 3.4 Dodging
 + Level 2.2 Stealth
 + Level 2.2 Shields
 + Level 2.2 Unarmed Combat
 + Level 2.2 Spellcasting
 + Level 1.7 Conjurations
 + Level 1.7 Hexes
 + Level 1.7 Summonings
 + Level 1.7 Necromancy
 + Level 1.7 Translocations
 + Level 1.7 Transmutations
 + Level 1.7 Fire Magic
 + Level 1.7 Ice Magic
 + Level 1.7 Air Magic
 + Level 1.7 Earth Magic
 + Level 1.7 Poison Magic
 + Level 5.2 Invocations
 + Level 2.2 Evocations


You had 9 spell levels left.
You didn't know any spells.
Your spell library contained the following spells:

 Spells                   Type           Power      Damage    Failure   Level
 Sublimation of Blood     Necr           4%         N/A       52%         2
 Wereblood                Tmut           4%         N/A       52%         2
 Summon Hydra             Summ           2%         N/A       100%        7


Dungeon Overview and Level Annotations

Branches:
Dungeon (4/15)
 Temple: D:4-7

Altars:


Innate Abilities, Weirdness & Mutations

You have very sharp teeth.
Your uncanny sense of smell can sniff out nearby items.
Your experience applies equally to all skills.


Message History

You slash the wight!
The wight is heavily damaged.
You barely miss the wight. x2
The wight hits you with a +3 morningstar of freezing.
You feel drained. The wight freezes you. The wight closely misses you.
The wight hits you with a +0 falchion.
You feel drained.
Unknown command.
You closely miss the wight.
The wight is heavily damaged.
You hit the wight. x2
The wight hits you with a +3 morningstar of freezing.
You feel drained. The wight freezes you. The wight barely misses you.
The wight hits you but does no damage.
Unknown command.
You completely miss the wight.
The wight is heavily damaged.
You hit the wight but do no damage. You closely miss the wight.
The wight closely misses you. The wight barely misses you. x2
Unknown command.
You closely miss the wight.
The wight is heavily damaged.
You hit the wight but do no damage. You barely miss the wight.
The wight hits you but does no damage. The wight barely misses you.
The wight hits you but does no damage.
The wight hits you with a +3 morningstar of freezing.
You feel drained. The wight freezes you.
You hit the wight but do no damage.
The wight is almost destroyed.
You hit the wight. You hit the wight but do no damage.
The wight barely misses you. The wight hits you with a +0 falchion.
The wight hits you with a +3 morningstar of freezing!
* * * LOW HITPOINT WARNING * * *
The wight freezes you.
* * * LOW HITPOINT WARNING * * *
You hit the wight but do no damage. Your bite misses the wight.
The wight is almost destroyed.
You hit the wight but do no damage. x2; The wight completely misses you.
The wight hits you but does no damage.
The wight hits you with a +3 morningstar of freezing!
You die...

......'...#....
......#####.... ∆
............######
............#....#
............#....#
............#))..#
............##'#########
.............)..zz......
................@z......
.....)..................
.......................#
......................##
............#######...#
............# .###
............# #
............+
............#


You could see 3 wights.

Vanquished Creatures
  A scorpion (D:4)
  A vampire bat (D:3)
  An orc priest (D:4)
  An iguana (D:4)
  3 orc wizards (D:4)
  A hound skeleton (D:4)
  A gnoll (D:1)
  2 adders
  2 worms
  3 dart slugs
  3 fire bats (D:3)
  4 orcs (D:4)
  2 spectral bats (D:3)
  12 bats
  3 bat skeletons (D:3)
  A bat zombie (D:3)
  4 endoplasms
  2 giant cockroaches (D:1)
  3 goblins
  4 hobgoblins
  6 kobolds
  2 quokkas
  2 ball pythons
  A bat simulacrum (D:3)
  2 frilled lizards
  A jackal skeleton (D:4)
  3 rats (D:1)
71 creatures vanquished.

Vanquished Creatures (collateral kills)
  An adder (D:3)
1 creature vanquished.

Grand Total: 72 creatures vanquished

Notes
Turn   | Place    | Note
-------+----------+-------------------------------------------
     0 | Abyss:1  | Gargoyl the Gnoll Abyssal Knight began the quest for the
                  | Orb.
     0 | Abyss:1  | Reached XP level 1. HP: 23/23 MP: 3/3
    15 | Abyss:1  | Found a corrupted altar of Lugonu.
   222 | Abyss:1  | Noticed a large abomination
   223 | D:1      | Escaped the Abyss
   311 | D:1      | Reached * piety under Lugonu
   425 | D:1      | Found a faded altar of an unknown god.
   438 | D:1      | Reached XP level 2. HP: 26/29 MP: 5/5
   708 | D:1      | Reached XP level 3. HP: 33/35 MP: 6/6
  2034 | D:3      | Reached skill level 1 in Short Blades
  2034 | D:3      | Reached skill level 1 in Long Blades
  2034 | D:3      | Reached skill level 1 in Maces & Flails
  2034 | D:3      | Reached skill level 1 in Polearms
  2034 | D:3      | Reached skill level 1 in Staves
  2034 | D:3      | Reached skill level 1 in Slings
  2034 | D:3      | Reached skill level 1 in Bows
  2034 | D:3      | Reached skill level 1 in Crossbows
  2034 | D:3      | Reached skill level 1 in Throwing
  2034 | D:3      | Reached skill level 1 in Stealth
  2034 | D:3      | Reached skill level 1 in Shields
  2034 | D:3      | Reached skill level 1 in Unarmed Combat
  2034 | D:3      | Reached skill level 1 in Spellcasting
  2034 | D:3      | Reached skill level 1 in Evocations
  2034 | D:3      | Reached XP level 4. HP: 29/41 MP: 7/7
  2540 | D:3      | Reached skill level 1 in Conjurations
  2540 | D:3      | Reached skill level 1 in Hexes
  2540 | D:3      | Reached skill level 1 in Summonings
  2540 | D:3      | Reached skill level 1 in Necromancy
  2540 | D:3      | Reached skill level 1 in Translocations
  2540 | D:3      | Reached skill level 1 in Transmutations
  2540 | D:3      | Reached skill level 1 in Fire Magic
  2540 | D:3      | Reached skill level 1 in Ice Magic
  2540 | D:3      | Reached skill level 1 in Air Magic
  2540 | D:3      | Reached skill level 1 in Earth Magic
  2540 | D:3      | Reached skill level 1 in Poison Magic
  2540 | D:3      | Reached XP level 5. HP: 47/47 MP: 8/8
  2569 | D:3      | Reached ** piety under Lugonu
  2839 | D:4      | Reached skill level 5 in Invocations
  2839 | D:4      | Reached XP level 6. HP: 32/53 MP: 9/9
  3120 | D:4      | Reached skill level 5 in Axes
  3120 | D:4      | Reached skill level 5 in Armour
  3687 | D:4      | Mangled by a wight

Illustrated notes

Levels and vault maps discovered:
D:1:      amcnicky_arrival_choice, layout_loops_ring,
          ebering_ecumenical_altar_ruins
D:2:      layout_basic
D:3:      layout_loops_ring, goddamned_bats
D:4:      cheibrodos_pilgrimage, layout_gridville, nemelex_dance_club_becter,
          minivault_14

Skill      XL: |  1  2  3  4  5  6 |
---------------+-------------------+-----
Short Blades   | 1 2 |  2.2
Long Blades    | 1 2 |  2.2
Maces & Flails | 1 2 |  2.2
Polearms       | 1 2 |  2.2
Staves         | 1 2 |  2.2
Slings         | 1 2 |  2.2
Bows           | 1 2 |  2.2
Crossbows      | 1 2 |  2.2
Throwing       | 1 2 |  2.2
Stealth        | 1 2 |  2.2
Shields        | 1 2 |  2.2
Unarmed Combat | 1 2 |  2.2
Spellcasting   | 1 2 |  2.2
Evocations     | 1 2 |  2.2
Conjurations   | 1 |  1.7
Hexes          | 1 |  1.7
Summonings     | 1 |  1.7
Necromancy     | 1 |  1.7
Translocations | 1 |  1.7
Transmutations | 1 |  1.7
Fire Magic     | 1 |  1.7
Ice Magic      | 1 |  1.7
Air Magic      | 1 |  1.7
Earth Magic    | 1 |  1.7
Poison Magic   | 1 |  1.7
Dodging        | 3 |  3.4
Invocations    | 5 |  5.2
Axes           | 5 |  5.1
Armour         | 5 |  5.1
Fighting       | |  6.9

Action                   |  1- 3 |  4- 6 || total
-------------------------+-------+-------++-------
Melee: Hand axe          |    65 |   117 ||   182
       Bite              |     8 |    25 ||    33
       Whip              |       |    33 ||    33
Invok: Depart the Abyss  |     1 |       ||     1
  Use: Scroll            |     7 |     3 ||    10
       Potion            |       |     1 ||     1
 Stab: Sleeping          |     1 |       ||     1
Armor: Leather armour    |     6 |       ||     6
       Scale mail        |     8 |   116 ||   124
Dodge: Dodged            |    41 |   118 ||   159

Table legend: (Time is in decaauts)
 A = Elapsed time spent in this place.
 B = Non-inter-level travel time spent in this place.
 C = Inter-level travel time spent in this place.
 D = Time resting spent in this place.
 E = Time spent auto-exploring this place.
 F = Levels seen in this place.
 G = Mean time per level.
                   A        B        C        D        E       F      G
               +--------+--------+--------+--------+--------+-----+--------+
         Total |   3696 |   3613 |     83 |    286 |   2690 |   5 |  739.2 |
       Dungeon |   3473 |   3390 |     83 |    286 |   2475 |   4 |  868.2 |
         Abyss |    223 |    223 |      0 |      0 |    215 |   1 |  223.0 |
               +--------+--------+--------+--------+--------+-----+--------+

Top non-repeatable levels by time:
     D:4: 926 daAuts
     D:3: 880 daAuts
     D:1: 876 daAuts
     D:2: 789 daAuts
 Abyss:1: 223 daAuts
